 Dungeon Crawl Stone Soup version 0.30-a0-743-gbfdf073431 (webtiles) character file.

Game seed: 1635400994603563648

22 Leeroy the Grasshopper (level 2, -6/15 HPs)
             Began as a Vine Stalker Warper on Feb 6, 2023.
             Mangled by a worm (7 damage)
             ... on level 2 of the Dungeon.
             The game lasted 00:00:45 (915 turns).

Leeroy the Grasshopper (Vine Stalker Warper)         Turns: 915, Time: 00:00:46

Health: -6/15      AC:  3    Str: 13    XL:     2   Next: 91%
Magic:  0/6        EV: 11    Int: 13    God:
Gold:   88         SH:  0    Dex: 13    Spells: 5/5 levels left

rFire   . . .      SeeInvis .    a - +0 falchion
rCold   . . .      Faith    .    (no shield)
rNeg    . . .      Spirit   +    b - +0 leather armour
rPois   +          Reflect  .    (no helmet)
rElec   .          Harm     .    (no cloak)
rCorr   .          Rampage  .    (no gloves)
Will    .....                    (no boots)
Stlth   +                        (no amulet)
HPRegen 0.22/turn                i - ring of poison resistance
MPRegen 0.10/turn                (no ring)

@: no status effects
A: fangs 2, magic shield, antimagic bite, no potion heal 2
a: no special abilities


You were on level 2 of the Dungeon.
You visited 1 branch of the dungeon, and saw 2 of its levels.

You collected 88 gold pieces.

Inventory:

Hand Weapons
 a - a +0 falchion (weapon)
Missiles
 d - 7 boomerangs of dispersal (quivered)
Armour
 b - a +0 leather armour (worn)
Jewellery
 i - a ring of poison resistance (left hand)
 j - a ring of flight
Scrolls
 c - 2 scrolls of blinking
 e - a scroll of enchant armour {unknown}
 g - a scroll of immolation {unknown}
 l - a scroll of magic mapping {unknown}
 m - a scroll of identify {unknown}
 n - 3 scrolls of noise {unknown}
 o - a scroll of acquirement {unknown}
Potions
 f - 2 potions of might {unknown}
 h - a potion of curing {unknown}
 k - a potion of attraction {unknown}


   Skills:
 - Level 1.7 Fighting
 + Level 3.0 Long Blades
 - Level 0.8 Throwing
 - Level 0.7 Armour
 - Level 1.5 Dodging
 - Level 2.1 Spellcasting
 - Level 3.0 Translocations


You had 5 spell levels left.
You didn't know any spells.
Your spell library contained the following spells:

 Spells                   Type           Power      Damage    Failure   Level
 Blink                    Tloc           18%        N/A       14%         2
 Lesser Beckoning         Tloc           18%        N/A       14%         2
 Teleport Other           Tloc           9%         N/A       28%         3
 Magic Dart               Conj           4%         1d3       32%         1
 Searing Ray              Conj           2%         2d4       43%         2
 Vhi's Electric Charge    Tloc/Air       10%        N/A       45%         3
 Manifold Assault         Tloc           9%         N/A       67%         4
 Fulminant Prism          Conj/Hex       0%         3d5       97%         4


Dungeon Overview and Level Annotations

Branches:
Dungeon (2/15)

Altars:

Shops:
D:1 [


Innate Abilities, Weirdness & Mutations

You have extremely sharp teeth.
When hurt, damage is shared between your health and your magic reserves.
Your bite disrupts and absorbs the magic of your enemies.
Potions cannot restore your health.


Message History

The hobgoblin shouts!
A rat comes into view.
A worm comes into view.
You hit the hobgoblin.
The hobgoblin is severely wounded.
The hobgoblin closely misses you.
You hit the hobgoblin but do no damage. You bite the hobgoblin.
You kill the hobgoblin!
Your Long Blades skill increases to level 3!
You closely miss the rat. The rat barely misses you.
You hit the rat.
You kill the rat!
The worm bites you!
You hit the worm. You bite the worm, but do no damage.
The worm is moderately wounded.
The worm completely misses you.
You hit the worm but do no damage. You bite the worm. You drain its power.
You feel invigorated.
The worm is moderately wounded.
A ball python comes into view.
The ball python hisses angrily.
You hit the worm. You bite the worm, but do no damage.
The worm is heavily wounded.
The worm bites you.
You are too injured to fight recklessly!
You are too injured to fight recklessly!
You are too injured to fight recklessly!
You are too injured to fight recklessly!
You are too injured to fight recklessly!
You hit the worm but do no damage. Your bite misses the worm.
The worm is heavily wounded.
The worm bites you!
* * * LOW HITPOINT WARNING * * *
You hit the worm.
The worm is severely wounded.
You hit the worm. Your bite misses the worm.
The worm is almost dead.
A rat comes into view.
The worm bites you!
You die...

####### .# .......
.# #..... #.#
#.....##.#### .#
#...........#..#
#.....w.....#..#.
#....†@.S....r...
#..............#.
#.................
#.................
#...$.....<....##
#.####............
# ......##+#.####
###.... ... #####
...


You could see a worm, a ball python and a rat (wandering).

Vanquished Creatures
  A dart slug (D:1)
  A ball python (D:1)
  2 giant cockroaches (D:1)
  3 goblins (D:1)
  3 hobgoblins
  3 jackals (D:1)
  A quokka (D:1)
  A frilled lizard (D:1)
  A rat (D:2)
16 creatures vanquished.

Notes
Turn   | Place    | Note
-------+----------+-------------------------------------------
     0 | D:1      | Leeroy the Vine Stalker Warper began the quest for the Orb.
     0 | D:1      | Reached XP level 1. HP: 11/11 MP: 4/4
   145 | D:1      | Reached XP level 2. HP: 9/15 MP: 3/6
   367 | D:1      | Found Tuhewo's Armour Boutique.
   915 | D:2      | Mangled by a worm

Illustrated notes

Levels and vault maps discovered:
D:1:      evilmike_arrival_crescent, layout_basic, serial_shops, shop
D:2:      layout_basic, nicolae_ecumenical_oubliette

Skill      XL: |  1  2 |
---------------+-------+-----
Long Blades    | 2 3 |  3.0
Fighting       | |  1.7
Throwing       | |  0.8
Armour         | |  0.7
Dodging        | |  1.5
Spellcasting   | |  2.1
Translocations | |  3.0

Action                     || total
---------------------------++-------
  Melee: Falchion          ||    50
         Bite              ||    14
 Armour: Leather armour    ||    17
  Dodge: Dodged            ||    36

Table legend: (Time is in decaauts)
 A = Elapsed time spent in this place.
 B = Non-inter-level travel time spent in this place.
 C = Inter-level travel time spent in this place.
 D = Time resting spent in this place.
 E = Time spent auto-exploring this place.
 F = Levels seen in this place.
 G = Mean time per level.
                   A        B        C        D        E       F      G
               +--------+--------+--------+--------+--------+-----+--------+
         Total |    923 |    905 |     18 |      0 |    766 |   2 |  461.5 |
       Dungeon |    923 |    905 |     18 |      0 |    766 |   2 |  461.5 |
               +--------+--------+--------+--------+--------+-----+--------+

Top non-repeatable levels by time:
     D:1: 908 daAuts
     D:2: 15 daAuts
